 Dungeon Crawl Stone Soup version 0.19.1-1-g22dce08 (webtiles) character file.

12853 Kiturien the Cleaver (level 11, -3/113 HPs)
             Began as a Deep Dwarf Fighter on Jan 18, 2017.
             Was a High Priest of Makhleb.
             Slain by Snorg (17 damage)
             ... on level 11 of the Dungeon on Jan 19, 2017.
             The game lasted 01:21:18 (8961 turns).

Kiturien the Cleaver (Deep Dwarf Fighter)           Turns: 8961, Time: 01:21:18

Health: -3/113     AC: 22    Str: 23    XL:     11   Next: 67%
Magic:  16/16      EV:  5    Int: 11    God:    Makhleb [*****.]
Gold:   647        SH: 17    Dex: 12    Spells: 0 memorised, 10 levels left

rFire  . . .     SeeInvis .     a - +2 war axe
rCold  . . .     Gourm    .     X - +0 plate armour
rNeg   . . .     Faith    .     M - +0 large shield
rPois  +         Spirit   .     (helmet restricted)
rElec  .         Reflect  .     l - +2 cloak
rCorr  .         Harm     .     z - +2 pair of gloves
MR     ++...     Rnd*Rage +     (no boots)
Stlth  ..........               (no amulet)
                                I - ring of protection from magic
                                q - ring of poison resistance

@: non-regenerating, drained
A: damage resistance, recharge devices, antennae 1, thin metallic scales 1,
berserk 1, clever 1, sense surroundings 2, poison resistance, robust 1, slow
regeneration 3
a: Device Recharging, Minor Destruction, Lesser Servant of Makhleb, Major
Destruction, Greater Servant of Makhleb, Renounce Religion


You were on level 11 of the Dungeon.
You worshipped Makhleb.
Makhleb was extremely pleased with you.
You were not hungry.

You visited 2 branches of the dungeon, and saw 12 of its levels.
You also visited: Sewer.

You collected 647 gold pieces.

Inventory:

Hand Weapons
 a - a +2 war axe (weapon)
 t - a +0 battleaxe
 G - a +2 vampiric scimitar
 N - a +2 hand axe of flaming
Missiles
 S - 2 throwing nets (quivered)
Armour
 b - a +0 scale mail
 c - a +0 shield
 h - a +0 chain mail
 l - a +2 cloak (worn)
 v - a +1 helmet
 z - a +2 pair of gloves (worn)
 M - a +0 large shield (worn)
 P - the +3 leather armour of Greed {rElec Str+7 Int-3}
   (You found it on level 9 of the Dungeon)

   It affects your strength (+7).
   It affects your intelligence (-3).
   It insulates you from electricity.
 X - a +0 plate armour (worn)
Jewellery
 q - a ring of poison resistance (left hand)
 w - an uncursed ring of flight
 x - an uncursed ring of magical power
 y - an uncursed ring of magical power
 I - a ring of protection from magic (right hand)
 O - an uncursed ring of wizardry
 W - an uncursed ring of poison resistance
Wands
 e - a wand of heal wounds (0/9)
 J - a wand of lightning (8/15)
 R - a wand of flame (24/48)
 U - a wand of iceblast (3/15)
 V - a wand of disintegration (7/24)
 Y - a wand of random effects (27/48)
Scrolls
 r - 5 scrolls of magic mapping
 s - 2 scrolls of noise
 u - 6 scrolls of teleportation
 C - 4 scrolls of remove curse
 H - 6 scrolls of identify
 Z - a scroll of amnesia {unknown}
Potions
 d - 3 potions of might
 g - 2 potions of agility
 i - 2 potions of brilliance
 m - 4 potions of mutation
 B - a potion of invisibility
 E - a potion of flight
 L - a potion of ambrosia {unknown}
 T - a potion of haste {unknown}
Books
 F - a book of Minor Magic

   Spells                             Type                      Level
   a - Magic Dart                     Conjuration                  1
   b - Blink                          Translocation                2
   c - Call Imp                       Summoning                    2
   d - Repel Missiles                 Charms/Air                   2
   e - Slow                           Hexes                        2
   f - Conjure Flame                  Conjuration/Fire             3
   g - Mephitic Cloud                 Conjuration/Poison/Air       3
 Q - a book of Geomancy

   Spells                             Type                      Level
   a - Sandblast                      Earth                        1
   b - Passwall                       Transmutation/Earth          2
   c - Stone Arrow                    Conjuration/Earth            3
   d - Petrify                        Transmutation/Earth          4
   e - Lee's Rapid Deconstruction     Earth                        5
Comestibles
 f - 2 bread rations
 j - a meat ration
 n - 12 fruits
 o - a royal jelly
 p - 10 slices of pizza
 D - 6 beef jerkies


   Skills:
 - Level 8.2(8.0) Fighting
 - Level 12.4(12.2) Axes
 - Level 8.9(8.8) Armour
 - Level 3.1(2.9) Dodging
 - Level 0.3(0.2) Stealth
 - Level 9.2(9.1) Shields
 + Level 7.2(7.1) Invocations


You had 10 spell levels left.
You didn't know any spells.

Dungeon Overview and Level Annotations

Branches:
Dungeon (11/15)            Temple (0/1) D:7            Lair (0/6) D:11
    Orc (1/2) D:11

Altars:
Ashenzari
Fedhas
Hepliaklqana
Kikubaaqudgha
Makhleb
Okawaru
Qazlal
Sif Muna
Vehumet
Xom
Yredelemnul
Zin
The Shining One

Annotations:
D:11 Snorg


Innate Abilities, Weirdness & Mutations

You are resistant to damage.
You can recharge devices by infusing magical energy.
You passively map the area around you.
You do not regenerate.
You have a pair of small antennae on your head.
You are partially covered in thin metallic scales. (AC +2)
You tend to lose your temper in combat.
Your mind is acute. (Int +2)
Your system is resistant to poisons. (rPois)
You are robust. (+10% HP)


Message History

* * * LOW HITPOINT WARNING * * *
You block Snorg's attack. Snorg claws you.
You slash Snorg!
Snorg is severely wounded.
You block Snorg's attack. x2; Snorg closely misses you. x3
Snorg claws you but does no damage.
You completely miss Snorg.
Snorg is severely wounded.
Snorg barely misses you. You block Snorg's attack. x2
You hit Snorg.
Snorg is severely wounded.
You feel a little less agile now. You block Snorg's attack.
Snorg claws you but does no damage. You block Snorg's attack.
You hit Snorg.
Snorg is severely wounded.
Snorg bites you but does no damage. Snorg claws you!
* * * LOW HITPOINT WARNING * * *
Snorg claws you but does no damage. Snorg bites you!!
You die...

#.######.........# #.###
#######................# #....
#.......######.........# #.###
#.......# #.........# #.#
#.......# #.........######.#
#......># #................#
#.......######.........######.###
#...............T.......## #....
#...............@....()).####.###
#................#####)(...#####
#................#....()8......#
#.........)....###....T........#
#..............###.............##
#.......(......##...............#
#......#######.#..8.....>(....8..
#......# #.#......(.........#
#......# #...#.............##


You could see Snorg (berserk).

Vanquished Creatures
  Harold (D:11)
  An unseen horror (D:11)
  3 hill giants
  Pikel (D:5)
  An orc sorcerer (D:11)
  A cyclops (D:8)
  A manticore (D:11)
  A centaur zombie (D:10)
  A hippogriff (D:8)
  8 yaks
  2 hill giant zombies (D:11)
  2 hogs (D:8)
  A human (D:8)
  4 hungry ghosts
  Menkaure (D:4)
  A water moccasin (D:7)
  2 hell hounds (D:11)
  2 slaves (D:5)
  An ice beast (D:7)
  3 orc warriors
  3 sky beasts
  5 ogres
  2 black bears
  3 phantoms
  A necrophage (D:6)
  6 centaurs
  A crocodile (D:8)
  4 big kobolds
  6 bullfrogs
  2 scorpions
  A troll zombie (D:11)
  6 killer bees (D:10)
  3 wights (D:7)
  2 howler monkeys
  2 bullfrog zombies
  4 crimson imps
  5 hounds
  2 centaur skeletons
  5 jellies
  Crazy Yiuf (D:6)
  5 orc priests
  6 orc wizards
  Jessica (D:2)
  7 iguanas
  Ijyb (D:2)
  Terence (D:2)
  7 worker ants
  5 ogre zombies (D:11)
  A hound zombie (D:3)
  A hound skeleton (D:5)
  2 worker ant zombies
  12 adders
  3 shadow imps
  2 oozes (Sewer)
  3 adder zombies
  2 adder skeletons
  A worm (D:5)
  5 dart slugs
  12 leopard geckos
  31 orcs
  4 bats
  6 giant cockroaches
  7 goblins
  7 hobgoblins
  6 jackals
  26 kobolds
  3 quokkas
  3 ball pythons
  9 frilled lizards
  2 goblin skeletons (D:11)
  2 goblin zombies (D:11)
  3 hobgoblin skeletons (D:11)
  3 hobgoblin zombies (D:11)
  An orc skeleton (D:11)
  13 orc zombies (D:11)
  A quokka skeleton (D:3)
  8 rats
  A fungus (Sewer)
315 creatures vanquished.

Vanquished Creatures (others)
  An orc (D:8)
1 creature vanquished.

Grand Total: 316 creatures vanquished

Notes
Turn   | Place    | Note
-------+----------+-------------------------------------------
     0 | D:1      | Kiturien the Deep Dwarf Fighter began the quest for the Orb.
     0 | D:1      | Reached XP level 1. HP: 20/20 MP: 1/1
   199 | D:1      | Reached XP level 2. HP: 28/28 MP: 2/2
   696 | D:2      | Noticed Jessica
   705 | D:2      | Killed Jessica
   705 | D:2      | Reached XP level 3. HP: 21/34 MP: 3/3
   750 | D:2      | Found a basalt altar of Yredelemnul.
   761 | D:2      | Noticed Ijyb
   766 | D:2      | Killed Ijyb
   766 | D:2      | Reached XP level 4. HP: 26/42 MP: 4/4
   920 | D:2      | Noticed Terence
   932 | D:2      | Killed Terence
   932 | D:2      | Reached skill level 3 in Axes
   949 | D:2      | Found a shattered altar of Ashenzari.
  1426 | D:3      | Reached XP level 5. HP: 23/49 MP: 5/5
  1522 | D:3      | Found a burning altar of Makhleb.
  1523 | D:3      | Found a shimmering altar of Xom.
  1531 | D:3      | Became a worshipper of Makhleb the Destroyer
  1537 | D:3      | Paralysed by a crimson imp for 3 turns
  1548 | D:3      | Reached skill level 4 in Axes
  1672 | D:3      | Found a hazy altar of Hepliaklqana.
  1782 | D:4      | Noticed Menkaure
  1790 | D:4      | Killed Menkaure
  1790 | D:4      | Reached XP level 6. HP: 22/56 MP: 6/6
  1813 | D:4      | Reached skill level 5 in Axes
  1813 | D:4      | Reached skill level 1 in Dodging
  1858 | D:4      | Found an ancient bone altar of Kikubaaqudgha.
  1928 | D:4      | Found an iron altar of Okawaru.
  1959 | D:4      | Gained mutation: You are partially covered in thin metallic scales. (AC +2) [potion of mutation]
  1959 | D:4      | Gained mutation: Your system is resistant to poisons. (rPois) [potion of mutation]
  1959 | D:4      | Gained mutation: You are robust. (+10% HP) [potion of mutation]
  2223 | D:4      | Reached skill level 6 in Axes
  2223 | D:4      | Reached XP level 7. HP: 33/69 MP: 7/7
  2561 | D:4      | Reached * piety under Makhleb
  2746 | D:5      | Entered Level 5 of the Dungeon
  2961 | D:5      | Found a glowing drain.
  2965 | Sewer    | Entered a sewer
  3033 | Sewer    | Reached skill level 5 in Armour
  3034 | Sewer    | Reached skill level 7 in Axes
  3125 | Sewer    | Reached skill level 5 in Shields
  3171 | Sewer    | Reached ** piety under Makhleb
  3344 | D:5      | Noticed Pikel
  3364 | D:5      | Killed Pikel
  3364 | D:5      | Reached skill level 8 in Axes
  3364 | D:5      | Reached XP level 8. HP: 75/80 MP: 8/8
  3914 | D:6      | Reached skill level 9 in Axes
  3996 | D:6      | Found a runed door.
  4000 | D:6      | Noticed Crazy Yiuf
  4006 | D:6      | Killed Crazy Yiuf
  4135 | D:6      | Gained mutation: You passively map the area around you. [Deep Dwarf growth]
  4135 | D:6      | Reached XP level 9. HP: 84/88 MP: 9/9
  4225 | D:6      | Reached skill level 5 in Fighting
  4554 | D:7      | Reached *** piety under Makhleb
  4572 | D:7      | Gained mutation: You tend to lose your temper in combat. [mutagenic meat]
  4575 | D:7      | Gained mutation: You have a pair of small antennae on your head. [mutagenic meat]
  4576 | D:7      | Gained mutation: Your mind is acute. (Int +2) [mutagenic meat]
  4643 | D:7      | Found a blossoming altar of Fedhas.
  4781 | D:7      | Reached skill level 10 in Axes
  5096 | D:7      | Found a staircase to the Ecumenical Temple.
  5178 | D:8      | Noticed a cyclops
  5300 | D:8      | Killed a cyclops
  5300 | D:8      | Reached XP level 10. HP: 73/100 MP: 10/10
  5390 | D:8      | Reached skill level 11 in Axes
  5480 | D:8      | Found a stormy altar of Qazlal.
  5631 | D:8      | Reached **** piety under Makhleb
  5746 | D:8      | Found a radiant altar of Vehumet.
  5977 | D:9      | Found a glowing silver altar of Zin.
  5989 | D:9      | Found a glowing golden altar of the Shining One.
  6019 | D:9      | Got a bloodstained leather armour
  6125 | D:9      | Identified the +3 leather armour of Greed {rElec Str+7 Int-3} (You found it on level 9 of the Dungeon)
  6227 | D:9      | Found a deep blue altar of Sif Muna.
  6355 | D:9      | Noticed a lindwurm
  6356 | D:9      | Noticed a lindwurm
  6366 | D:9      | Noticed a lindwurm
  6747 | D:9      | Noticed a lindwurm
  6936 | D:10     | Entered Level 10 of the Dungeon
  7230 | D:10     | Found a burning altar of Makhleb.
  7333 | D:10     | Noticed a hill giant
  7334 | D:10     | Noticed a hill giant
  7352 | D:10     | Killed a hill giant
  7375 | D:10     | Killed a hill giant
  7375 | D:10     | Reached skill level 12 in Axes
  7375 | D:10     | Reached XP level 11. HP: 95/112 MP: 11/11
  7678 | D:11     | Noticed Harold
  7785 | D:11     | Noticed a hill giant
  7817 | D:11     | Killed a hill giant
  7849 | D:11     | Noticed an orc sorcerer
  7856 | D:11     | Noticed a sun demon
  8081 | D:11     | Reached ***** piety under Makhleb
  8221 | D:11     | Found a staircase to the Lair.
  8258 | D:11     | Killed Harold
  8488 | D:11     | Found a staircase to the Orcish Mines.
  8499 | D:11     | Killed an unseen horror
  8550 | D:11     | Killed an orc sorcerer
  8550 | D:11     | Reached skill level 5 in Invocations
  8886 | Orc:1    | Entered Level 1 of the Orcish Mines
  8886 | Orc:1    | Noticed Snorg
  8961 | D:11     | Slain by Snorg

Skill      XL: |  1  2  3  4  5  6  7  8  9 10 11 |
---------------+----------------------------------+-----
Fighting       | 3 4 6 7 8 |  8.2
Shields        | 4 5 6 7 8 9 |  9.2
Armour         | 4 5 6 8 |  8.9
Axes           | 3 4 6 8 9 10 12 | 12.4
Dodging        | 1 2 3 |  3.1
Invocations    | 7 |  7.2
Stealth        | |  0.3

Action                   |  1- 3 |  4- 6 |  7- 9 | 10-12 || total
-------------------------+-------+-------+-------+-------++-------
Melee: War axe           |    73 |    60 |   530 |   555 ||  1218
       Battleaxe         |       |   170 |       |       ||   170
Invok: Major Destruction |       |       |       |     1 ||     1
Evoke: Wand              |       |     1 |     3 |     6 ||    10
  Use: Scroll            |     2 |     7 |    10 |     8 ||    27
       Potion            |       |     2 |     1 |    14 ||    17
  Eat: Bread ration      |       |     1 |     2 |     5 ||     8
       Chunk             |       |       |     6 |     3 ||     9
       Meat ration       |       |       |     1 |     1 ||     2
Armor: Chain mail        |    34 |   174 |   276 |   175 ||   659
       Scale mail        |     4 |       |       |       ||     4
       Plate armour      |       |       |       |   105 ||   105
Dodge: Dodged            |    16 |    95 |   129 |   168 ||   408
Block: Shield            |    44 |    29 |   279 |   333 ||   685
       Large shield      |       |       |       |    17 ||    17
